[Event "Titled Tuesday Blitz June 07 Late 2022"]
[White "Urazayev, Arystanbek"]
[Black "Mikhalsky, Vladimir"]
[WhiteFideId "13709810"]
[BlackFideId "14144352"]
[WhiteElo "2422"]
[BlackElo "2301"]
[Result "1-0"]
[Round "03"]
[TimeControl "180+1"]
[Date "2022.06.07"]
[WhiteClock "0:00:41"]
[BlackClock "0:00:01"]

1. d4 Nf6 2. c4 g6 3. Nc3 Bg7 4. e4 O-O 5. h4 d6 6. h5 Nxh5 7. g4 Nf6 8. g5 Nfd7 9. f4 Nc6 10. Nf3 e5 11. Qd2 Nxd4 12. Nxd4 exd4 13. Qh2 Re8 14. Qxh7+ Kf8 15. Nd5 Rxe4+ 16. Kf2 c6 17. Qh8+ Bxh8 18. Rxh8+ Kg7 19. Rxd8 cxd5 20. Bg2 Nb6 21. Bxe4 dxe4 22. Rxd6 e3+ 23. Kg3 Nxc4 24. Rxd4 Be6 25. b3 e2 26. Kf2 Nb6 27. Bb2 Kf8 28. Rh1 f6 29. Re4 Bd5 30. Rh8+ Kf7 31. Rxa8 Bxe4 32. Rxa7 fxg5 33. fxg5 Nd7 34. Kxe2 Nc5 35. Ke3 Bc6 36. Bf6 Nd7 37. Bd4 Ke6 38. Ra5 Nf8 39. b4 Kd7 40. b5 Bg2 41. a4 Ne6 42. Bf6 Nc5 43. Ra8 Bh1 44. a5 Nb3 45. Bd4 Kc7 46. Bb6+ Kd7 47. Rd8+ Ke7 48. Rd3 Na1 49. Rc3 Bd5 50. Kd4 1-0


[Site "https://www.chess.com"]

[Event "Titled Tuesday Blitz June 07 Late 2022"]
[White "Uskov, Artem"]
[Black "Hansen, Eric"]
[WhiteFideId "34254854"]
[BlackFideId "2606771"]
[WhiteElo "2335"]
[BlackElo "2568"]
[Result "1/2-1/2"]
[Round "03"]
[TimeControl "180+1"]
[Date "2022.06.07"]
[WhiteClock "0:00:38"]
[BlackClock "0:00:03"]

1. e4 c5 2. Nf3 e6 3. c3 Nf6 4. e5 Nd5 5. d4 cxd4 6. cxd4 b6 7. Nc3 Nxc3 8. bxc3 Bb7 9. Bd3 Qc7 10. Bd2 d6 11. O-O Nd7 12. Re1 Be7 13. Qe2 O-O 14. Bf4 Bxf3 15. Qxf3 dxe5 16. Bxe5 Nxe5 17. Rxe5 g6 18. Rc1 Bd6 19. Re4 Bxh2+ 20. Kf1 Bd6 21. Rh4 Rae8 22. g4 Be7 23. Rh1 Bg5 24. Rc2 h6 25. Kg2 Kg7 26. Re1 e5 27. Rce2 Qxc3 28. dxe5 Rd8 29. Be4 Qxf3+ 30. Bxf3 Rd4 31. e6 fxe6 32. Rxe6 Rdf4 33. R1e3 R4f6 34. Rxf6 Bxf6 35. Rd3 Rf7 36. Be4 Re7 37. f3 Rc7 38. Kg3 g5 39. f4 b5 40. fxg5 hxg5 41. Kf3 b4 42. Rd5 Rc3+ 43. Bd3 Ra3 44. Rd7+ Kf8 45. Ke4 Rxa2 46. Bc4 Rf2 47. Rxa7 Rf4+ 48. Kd5 Be7 49. Bd3 Rxg4 50. Ke6 Rg3 51. Bc4 Re3+ 52. Kf5 Rc3 53. Be6 Rf3+ 54. Ke5 Re3+ 55. Kf5 Rf3+ 56. Ke5 Rf2 57. Ra8+ Kg7 58. Ra7 Re2+ 59. Kf5 Kf8 60. Ra8+ Kg7 61. Ra7 Rf2+ 62. Ke5 Re2+ 63. Kf5 1/2-1/2


[Site "https://www.chess.com"]

[Event "Titled Tuesday Blitz June 07 Late 2022"]
[White "Van Foreest, Jorden"]
[Black "Ivanisevic, Ivan"]
[WhiteFideId "1039784"]
[BlackFideId "912417"]
[WhiteElo "2609"]
[BlackElo "2535"]
[Result "1-0"]
[Round "03"]
[TimeControl "180+1"]
[Date "2022.06.07"]
[WhiteClock "0:00:13"]
[BlackClock "0:00:04"]

1. b4 e5 2. Bb2 Bxb4 3. Bxe5 Nf6 4. Nf3 O-O 5. e3 d5 6. Be2 c5 7. c3 Ba5 8. O-O Nc6 9. Bxf6 Qxf6 10. d4 c4 11. a4 Bf5 12. Qc1 a6 13. Bd1 Rfe8 14. Bc2 Bg4 15. Nfd2 h5 16. e4 Bc7 17. e5 Nxe5 18. dxe5 Qxe5 19. g3 h4 20. Bd1 hxg3 21. Bxg4 g2 22. Nf3 gxf1=Q+ 23. Qxf1 Qf4 24. Qh3 g6 25. Nbd2 Re2 26. Qg3 Rae8 27. Qxf4 Bxf4 28. Nf1 Rc2 29. Nd4 Rxc3 30. Ne2 Rxe2 31. Bxe2 d4 32. Rb1 d3 33. Bf3 d2 34. Kg2 Rc2 35. Rxb7 c3 36. Rb4 g5 37. Ng3 Rc1 38. Ne4 c2 39. Nxd2 Bxd2 40. Rc4 f5 41. Bb7 a5 42. Bc8 f4 43. Bf5 Kg7 44. Bxc2 g4 45. h3 f3+ 46. Kg3 Rg1+ 47. Kh4 g3 48. Rg4+ Kf6 49. Rxg3 Bg5+ 50. Kg4 Rxg3+ 51. fxg3 f2 52. Bd3 Be3 53. Kf3 Bb6 54. h4 Ke5 55. g4 Kd4 56. Bf1 Kc3 57. g5 Kd2 58. h5 Ke1 59. Bb5 Bd8 60. Kg4 Bb6 61. h6 Be3 62. Kh5 f1=Q 63. Bxf1 Kxf1 64. g6 1-0


[Site "https://www.chess.com"]

[Event "Titled Tuesday Blitz June 07 Late 2022"]
[White "Velikanov, Alexander"]
[Black "Chigaev, Maksim"]
[WhiteFideId "2039290"]
[BlackFideId "4108116"]
[WhiteElo "2259"]
[BlackElo "2457"]
[Result "0-1"]
[Round "03"]
[TimeControl "180+1"]
[Date "2022.06.07"]
[WhiteClock "0:01:31"]
[BlackClock "0:01:37"]

1. g3 d5 2. Bg2 Nf6 3. d3 g6 4. Nf3 Bg7 5. O-O O-O 6. Nbd2 c5 7. e4 Nc6 8. c3 a5 9. a4 b6 10. e5 Nd7 11. d4 e6 12. Re1 cxd4 13. cxd4 f6 14. exf6 Qxf6 15. Nb3 Ba6 16. Bg5 Qf5 17. Qd2 Bc4 18. Nc1 e5 19. b3 Ba6 20. dxe5 Ndxe5 21. Nxe5 Nxe5 22. Ra2 Nf3+ 23. Bxf3 Qxf3 24. Be3 d4 0-1


[Site "https://www.chess.com"]

[Event "Titled Tuesday Blitz June 07 Late 2022"]
[White "Xiong, Jeffery"]
[Black "Guseinov, Gadir"]
[WhiteFideId "2047640"]
[BlackFideId "13401378"]
[WhiteElo "2714"]
[BlackElo "2581"]
[Result "1-0"]
[Round "03"]
[TimeControl "180+1"]
[Date "2022.06.07"]
[WhiteClock "0:00:15"]
[BlackClock "0:00:01"]

1. e4 c5 2. Nf3 g6 3. d4 cxd4 4. Nxd4 Nc6 5. c4 Nf6 6. Nc3 Nxd4 7. Qxd4 d6 8. Be2 Bg7 9. Bg5 O-O 10. O-O Be6 11. Qe3 Qb6 12. Qxb6 axb6 13. Bd2 Rfc8 14. b3 Nd7 15. Rfc1 Nc5 16. f3 b5 17. cxb5 Nxb3 18. axb3 Rxa1 19. Rxa1 Bxc3 20. Bxc3 Rxc3 21. Ra7 Rxb3 22. Rxb7 Kf8 23. Rb8+ Kg7 24. b6 Rb1+ 25. Kf2 Rb2 26. Ke3 d5 27. Bd3 dxe4 28. Bxe4 f5 29. Bc6 Rc2 30. b7 Rxc6 31. Rd8 Rb6 32. b8=Q Rxb8 33. Rxb8 Kf6 34. Rb6 g5 35. Kd4 f4 36. Ke4 Kf7 37. Ke5 Bc8 38. h4 gxh4 39. Kxf4 h3 40. g4 h5 41. Rh6 hxg4 42. fxg4 1-0


[Site "https://www.chess.com"]

[Event "Titled Tuesday Blitz June 07 Late 2022"]
[White "Yuan, Qingyu"]
[Black "Sadhwani, Raunak"]
[WhiteFideId "8609772"]
[BlackFideId "35093487"]
[WhiteElo "2359"]
[BlackElo "2616"]
[Result "1-0"]
[Round "03"]
[TimeControl "180+1"]
[Date "2022.06.07"]
[WhiteClock "0:00:10"]
[BlackClock "0:00:01"]

1. e4 c5 2. Nf3 Nc6 3. Bc4 e6 4. O-O a6 5. d4 b5 6. d5 bxc4 7. dxc6 d6 8. Re1 Qc7 9. Nbd2 c3 10. bxc3 Qxc6 11. c4 e5 12. Nf1 Nf6 13. Qd3 Be7 14. Bg5 Be6 15. Bxf6 Bxf6 16. Ne3 O-O 17. Reb1 Rab8 18. Rb3 Rxb3 19. axb3 g6 20. Nd5 Bd8 21. Nd2 f5 22. Nc3 Kh8 23. Nf1 f4 24. Nd2 g5 25. h3 h5 26. Kf1 Kg7 27. Ke2 g4 28. hxg4 hxg4 29. Rh1 Bg5 30. f3 g3 31. Nd5 Rh8 32. Rxh8 Kxh8 33. Nb1 Kg7 34. Nbc3 Bd8 35. Qd1 Qe8 36. Qh1 Qg6 37. Na4 Qg5 38. Nac3 Bf7 39. Kd3 Bh5 40. Ke2 Ba5 41. Nb1 Bd8 42. Nbc3 Be8 43. Qh3 Qh4 44. Qe6 Bh5 45. Qxd6 Bxf3+ 46. gxf3 Qh2+ 47. Kd3 g2 48. Qxe5+ Kg8 49. Qe8+ Kg7 50. Qd7+ Kh6 51. Qe6+ Kh5 52. Qf5+ Kh6 53. Qe6+ Kh5 54. Qf7+ Kh6 55. Qf8+ Kh7 56. Qf7+ Kh6 57. Ne2 Bg5 58. Qe6+ Kh7 59. Qg4 Qh1 60. Kd2 Kh6 61. e5 Qf1 62. Qh3+ Kg6 63. Ndxf4+ Kg7 64. Qg4 1-0


[Site "https://www.chess.com"]

[Event "Titled Tuesday Blitz June 07 Late 2022"]
[White "Zhigalko, Sergei"]
[Black "Mikhailov, Viacheslav"]
[WhiteFideId "13502956"]
[BlackFideId "4187369"]
[WhiteElo "2662"]
[BlackElo "2381"]
[Result "1-0"]
[Round "03"]
[TimeControl "180+1"]
[Date "2022.06.07"]
[WhiteClock "0:00:03"]
[BlackClock "0:00:05"]

1. e4 d6 2. d4 Nf6 3. Nc3 g6 4. Nf3 Bg7 5. h3 O-O 6. Be3 c6 7. a4 b6 8. Bd3 Ba6 9. O-O Bxd3 10. cxd3 c5 11. Qd2 Nc6 12. d5 Na5 13. Rad1 a6 14. Bh6 Nd7 15. Bxg7 Kxg7 16. d4 Qc7 17. Qe2 Rfc8 18. Rfe1 Nb3 19. Qe3 cxd4 20. Nxd4 Nxd4 21. Rxd4 Qc5 22. f4 b5 23. axb5 axb5 24. e5 Nb6 25. Ne4 Nxd5 26. Qf2 Qc6 27. exd6 exd6 28. f5 Ra4 29. Red1 Re8 30. Rxd5 Raxe4 31. Rxd6 Qc7 32. f6+ Kg8 33. Rd7 Re1+ 34. Rxe1 Rxe1+ 35. Qxe1 Qxd7 36. Qe7 Qc8 37. b4 h5 38. Kf2 Qf5+ 39. Ke3 Qg5+ 40. Kd4 Qf4+ 41. Kc5 Qc4+ 42. Kb6 Kh7 43. Ka5 Qa2+ 44. Kxb5 Qxg2 45. Qxf7+ Kh6 46. Qf8+ Kg5 47. f7 Qb7+ 48. Ka5 Qa7+ 49. Kb5 Qb7+ 50. Kc4 Qc6+ 51. Qc5+ 1-0


[Site "https://www.chess.com"]

[Event "Titled Tuesday Blitz June 07 Late 2022"]
[White "Abarca Gonzalez, Nicolas"]
[Black "Terry, Renato"]
[WhiteFideId "3409422"]
[BlackFideId "3803457"]
[WhiteElo "2504"]
[BlackElo "2577"]
[Result "0-1"]
[Round "04"]
[TimeControl "180+1"]
[Date "2022.06.07"]
[WhiteClock "0:00:01"]
[BlackClock "0:00:01"]

1. e4 g6 2. Bc4 Bg7 3. Nc3 c6 4. f4 d5 5. exd5 b5 6. Bb3 b4 7. Ne4 cxd5 8. Ng3 e6 9. Nf3 h5 10. O-O Qb6+ 11. d4 Nc6 12. Be3 Nh6 13. c3 Ng4 14. Qd2 Ba6 15. Rfe1 O-O 16. f5 exf5 17. Bxd5 Rad8 18. Bb3 Nxe3 19. Qxe3 bxc3 20. bxc3 h4 21. Nf1 h3 22. gxh3 Na5 23. Rab1 Qc7 24. Rbc1 Bb7 25. N1d2 Nxb3 26. axb3 Bc6 27. h4 Rfe8 28. Qg5 Kh7 29. h5 Bh6 30. Qg3 Qxg3+ 31. hxg3 Bxf3 32. hxg6+ fxg6 33. Nxf3 Bxc1 34. Rxc1 Re2 35. Ne5 a5 36. Kf1 Rb2 37. Ra1 Ra8 38. b4 a4 39. Nc4 Rb3 40. Nb6 Ra6 41. Nxa4 Rxc3 42. Nxc3 Rxa1+ 43. Kf2 Ra3 44. Nd5 Rd3 45. b5 Rxd4 46. Nf4 Rb4 47. Ne6 Kh6 48. Nc7 Kg5 0-1


[Site "https://www.chess.com"]

[Event "Titled Tuesday Blitz June 07 Late 2022"]
[White "Alexiadis, Hristos"]
[Black "Bok, Benjamin"]
[WhiteFideId "4249623"]
[BlackFideId "1017063"]
[WhiteElo "2416"]
[BlackElo "2658"]
[Result "0-1"]
[Round "04"]
[TimeControl "180+1"]
[Date "2022.06.07"]
[WhiteClock "0:00:37"]
[BlackClock "0:01:32"]

1. e4 c5 2. Nf3 d6 3. Bb5+ Nd7 4. d4 cxd4 5. Qxd4 a6 6. Bxd7+ Bxd7 7. Nc3 Rc8 8. O-O e5 9. Qd3 h6 10. Re1 Nf6 11. a4 Be7 12. Nd2 Qc7 13. Nf1 O-O 14. Ne3 Be6 15. a5 Rfd8 16. h3 Qc6 17. Ncd5 Bxd5 18. exd5 Qd7 19. c4 Nh5 20. Nf5 Bf8 21. b3 e4 22. Nxh6+ gxh6 23. Rxe4 Bg7 24. Rb1 Re8 25. Rg4 f5 26. Rg6 Qf7 27. Re6 Rxe6 28. dxe6 Qxe6 29. Bd2 Qe4 0-1


[Site "https://www.chess.com"]

[Event "Titled Tuesday Blitz June 07 Late 2022"]
[White "Arias Gaviria, Mario Alexis"]
[Black "Rasulov, Vugar"]
[WhiteFideId "3800660"]
[BlackFideId "13402390"]
[WhiteElo "2174"]
[BlackElo "2560"]
[Result "0-1"]
[Round "04"]
[TimeControl "180+1"]
[Date "2022.06.07"]
[WhiteClock "0:00:05"]
[BlackClock "0:01:31"]

1. d4 d5 2. c4 c6 3. Nc3 Nf6 4. Nf3 e6 5. e3 Nbd7 6. Bd3 dxc4 7. Bxc4 b5 8. Bb3 Bb7 9. O-O Bd6 10. Qe2 O-O 11. a3 a5 12. Bd2 Qe7 13. e4 e5 14. Nh4 g6 15. dxe5 Bxe5 16. Rae1 b4 17. Na4 bxa3 18. bxa3 Qxa3 19. Qf3 Kh8 20. Bh6 Rfb8 21. Rd1 Ba6 22. Bxf7 Qxf3 23. gxf3 Bxf1 24. Kxf1 Rb4 25. f4 Rxa4 26. fxe5 Nxe5 27. Be6 Re8 28. Bb3 Rb4 29. Ba2 Rb2 30. Bb1 Neg4 31. e5 Nxh6 32. exf6 Ng4 33. f7 Rxf2+ 34. Kg1 Rxf7 35. Nxg6+ hxg6 36. Bxg6 Rfe7 37. Bxe8 Rxe8 38. Ra1 Ra8 39. Ra4 Ne5 40. Kg2 c5 41. Kg3 c4 42. Kf4 Nd3+ 43. Ke3 Nb4 44. Kd4 Rc8 45. Ra3 c3 46. Rxc3 Rxc3 47. Kxc3 Nc6 48. Kc4 Kg7 49. Kb5 Kf6 50. h4 Kg6 51. Ka4 Kh5 52. Kb5 Kxh4 53. Ka4 Kg5 54. Kb5 Kf5 55. Kc5 Ke4 56. Kc4 Ke3 57. Kc5 Kd3 58. Kb5 Kc3 59. Ka4 Kb2 60. Kb5 Kb3 61. Kc5 a4 62. Kd5 a3 63. Kc5 a2 64. Kb6 a1=Q 65. Kc5 Qc3+ 66. Kd5 Nb4+ 67. Kd6 Kc4 68. Ke6 Qg7 69. Kf5 Kd5 70. Kf4 Qf6+ 71. Ke3 Qf5 72. Kd2 Qf3 73. Ke1 Qg2 74. Kd1 Qf2 0-1


[Site "https://www.chess.com"]

[Event "Titled Tuesday Blitz June 07 Late 2022"]
[White "Bernadskiy, Vitaliy"]
[Black "Zhigalko, Sergei"]
[WhiteFideId "14100371"]
[BlackFideId "13502956"]
[WhiteElo "2473"]
[BlackElo "2662"]
[Result "1-0"]
[Round "04"]
[TimeControl "180+1"]
[Date "2022.06.07"]
[WhiteClock "0:00:33"]
[BlackClock "0:00:01"]

1. b3 e5 2. Bb2 d6 3. Nf3 Nf6 4. c4 c6 5. Nc3 Be7 6. g3 O-O 7. Bg2 Re8 8. O-O h6 9. e3 Bf5 10. d3 Nbd7 11. Re1 a5 12. h3 Nc5 13. e4 Bh7 14. d4 Ncxe4 15. dxe5 dxe5 16. Nxe4 Nxe4 17. Nxe5 Nc5 18. Qh5 Rf8 19. Rad1 Qc7 20. Nd7 Ne6 21. Nxf8 Rxf8 22. Qg4 Bb4 23. Re3 Bc5 24. Re2 f5 25. Qf3 Qf7 26. Qc3 Ng5 27. Qe5 Ba7 28. Kh2 Bb8 29. Qe7 f4 30. Qxf7+ Nxf7 31. Be4 fxg3+ 32. fxg3 Bxe4 33. Rxe4 Ng5 34. Re2 h5 35. Rd7 1-0


[Site "https://www.chess.com"]

[Event "Titled Tuesday Blitz June 07 Late 2022"]
[White "Bortnyk, Mykola"]
[Black "Slugin, Sergey"]
[WhiteFideId "14120836"]
[BlackFideId "4122569"]
[WhiteElo "2582"]
[BlackElo "2358"]
[Result "1-0"]
[Round "04"]
[TimeControl "180+1"]
[Date "2022.06.07"]
[WhiteClock "0:00:49"]
[BlackClock "0:00:49"]

1. e4 e5 2. Nf3 Nc6 3. Bc4 Bc5 4. b4 Bxb4 5. c3 Ba5 6. d4 d6 7. O-O Bg4 8. Bb5 a6 9. Bxc6+ bxc6 10. dxe5 Ne7 11. Ba3 Bxf3 12. Qxf3 O-O 13. Rd1 d5 14. exd5 cxd5 15. Bxe7 Qxe7 16. Rxd5 Bb6 17. Nd2 c6 18. Rd6 Qxe5 19. Rxc6 Ba5 20. Nb3 Rfc8 21. Rc5 1-0


[Site "https://www.chess.com"]

[Event "Titled Tuesday Blitz June 07 Late 2022"]
[White "Bortnyk, Olexandr"]
[Black "Suleymanli, Aydin"]
[WhiteFideId "14120828"]
[BlackFideId "13413937"]
[WhiteElo "2723"]
[BlackElo "2481"]
[Result "1/2-1/2"]
[Round "04"]
[TimeControl "180+1"]
[Date "2022.06.07"]
[WhiteClock "0:00:02"]
[BlackClock "0:00:05"]

1. d4 d5 2. Nc3 Nf6 3. Bf4 a6 4. e3 e6 5. Nf3 c5 6. a3 Nc6 7. h3 Bd6 8. dxc5 Bxc5 9. Bd3 Bd6 10. Bxd6 Qxd6 11. e4 O-O 12. exd5 exd5 13. O-O h6 14. Re1 Be6 15. Qd2 Rfe8 16. b4 Rad8 17. Na4 Bc8 18. Rxe8+ Rxe8 19. Re1 Rxe1+ 20. Qxe1 Kf8 21. Qe3 d4 22. Qd2 Be6 23. Nc5 Bd5 24. Be2 Ne4 25. Nxe4 Bxe4 26. c3 d3 27. Bd1 Bxf3 28. Bxf3 Ne5 29. Be4 g5 30. a4 b5 31. a5 Kg7 32. Kf1 Qd7 33. f4 f5 34. fxe5 fxe4 35. Ke1 Qa7 36. Qf2 d2+ 37. Qxd2 Qg1+ 38. Ke2 Qxg2+ 39. Ke3 Qf3+ 40. Kd4 Qxh3 41. Kxe4 Qh1+ 42. Kd4 Qc6 43. Qe2 Kf7 44. Qh5+ Ke7 45. Kd3 Qc4+ 46. Kd2 Qd5+ 47. Kc2 Qe4+ 48. Kb2 Qxe5 49. Qxh6 Qe2+ 50. Ka3 Qe5 51. Qc6 g4 52. Kb2 g3 53. Qxa6 Qe2+ 54. Ka3 g2 55. Qb7+ Kf6 56. Qb6+ Kg5 57. a6 Qf1 58. Qe3+ Kg4 59. Qe4+ Kg5 60. Qe3+ Kg4 61. Qe4+ Kh3 62. Qe3+ Kh2 63. Qh6+ Kg3 64. Qe3+ Kg4 1/2-1/2


[Site "https://www.chess.com"]

[Event "Titled Tuesday Blitz June 07 Late 2022"]
[White "Chigaev, Maksim"]
[Black "Bjelobrk, Igor"]
[WhiteFideId "4108116"]
[BlackFideId "4300726"]
[WhiteElo "2457"]
[BlackElo "2335"]
[Result "0-1"]
[Round "04"]
[TimeControl "180+1"]
[Date "2022.06.07"]
[WhiteClock "0:00:11"]
[BlackClock "0:01:35"]

1. d4 d5 2. Nf3 Nf6 3. c4 e6 4. g3 dxc4 5. Bg2 c6 6. a4 c5 7. O-O Nc6 8. dxc5 Bxc5 9. Qxd8+ Kxd8 10. Nbd2 Nd5 11. Nxc4 f6 12. e4 Ndb4 13. e5 Ke7 14. Bd2 b6 15. exf6+ gxf6 16. Nfe5 fxe5 17. Bxb4 Nxb4 18. Bxa8 Ba6 19. Be4 Bxc4 20. Rfd1 Bd5 21. Bxd5 exd5 22. Kg2 Rf8 23. f3 Kd6 24. Rac1 a5 25. h4 d4 26. Rd2 Nd5 27. b3 Ne3+ 28. Kf2 Kd5 29. Ke2 e4 30. f4 d3+ 31. Rxd3+ exd3+ 32. Kxd3 Nf5 33. g4 Nxh4 34. f5 Nf3 35. Rh1 Ne5+ 36. Kc2 Nxg4 37. Rxh7 Rxf5 38. Rh5 Rxh5 0-1


[Site "https://www.chess.com"]

[Event "Titled Tuesday Blitz June 07 Late 2022"]
[White "Domingo Nunez, Ruben"]
[Black "Urazayev, Arystanbek"]
[WhiteFideId "22245570"]
[BlackFideId "13709810"]
[WhiteElo "2376"]
[BlackElo "2422"]
[Result "0-1"]
[Round "04"]
[TimeControl "180+1"]
[Date "2022.06.07"]
[WhiteClock "0:00:04"]
[BlackClock "0:00:19"]

1. c4 c6 2. g3 d5 3. Bg2 Nf6 4. b3 e6 5. Bb2 Be7 6. Nc3 O-O 7. Nf3 Nbd7 8. O-O a5 9. Qc2 b6 10. d3 Bb7 11. e4 dxe4 12. dxe4 e5 13. Rfd1 Qc7 14. Nd2 Bc5 15. h3 Rfd8 16. Nf1 Nf8 17. Ne2 Ne6 18. Ne3 Bxe3 19. fxe3 Nc5 20. Rf1 Ne8 21. a3 a4 22. b4 Nb3 23. Rad1 f6 24. Bc3 Rxd1 25. Rxd1 Rd8 26. Nc1 Rxd1+ 27. Qxd1 Nxc1 28. Qxc1 Nd6 29. c5 bxc5 30. bxc5 Nb5 31. Bb4 Qf7 32. Bf1 Qd7 33. Qc2 h6 34. Qxa4 Kh7 35. Qc2 Nc7 36. Qd3 Qf7 37. Qc4 Qg6 38. Kf2 Ba6 39. Qc1 Bxf1 40. Qxf1 Qxe4 41. Qg2 Qc2+ 42. Kg1 Qc1+ 43. Kh2 Nd5 44. Qd2 Qc4 45. Kg2 Qe4+ 46. Kf2 h5 47. Qe2 Kg6 48. Qf3 Qc2+ 49. Qe2 Qf5+ 50. Qf3 Qxh3 51. e4 Ne7 52. a4 Qe6 53. Qe2 Qb3 54. Bd2 Qxa4 55. g4 Qd4+ 56. Kg3 hxg4 57. Qxg4+ Kf7 58. Qh5+ Ke6 59. Qg4+ f5 60. exf5+ Nxf5+ 61. Kh3 Qxd2 62. Qg6+ Kd5 63. Qxf5 Qe3+ 64. Kg4 Qe4+ 65. Kg5 Qxf5+ 66. Kxf5 e4 0-1


[Site "https://www.chess.com"]

[Event "Titled Tuesday Blitz June 07 Late 2022"]
[White "Golubev, Mikhail"]
[Black "Andreikin, Dmitry"]
[WhiteFideId "14100983"]
[BlackFideId "4158814"]
[WhiteElo "2374"]
[BlackElo "2736"]
[Result "0-1"]
[Round "04"]
[TimeControl "180+1"]
[Date "2022.06.07"]
[WhiteClock "0:00:03"]
[BlackClock "0:00:24"]

1. e4 c5 2. Nf3 e6 3. d4 cxd4 4. Nxd4 Nc6 5. Nc3 a6 6. Be3 Nf6 7. Bd3 Qc7 8. O-O Bd6 9. f4 Bc5 10. Nf5 Bxe3+ 11. Nxe3 d6 12. Kh1 b5 13. a3 O-O 14. Qf3 Bb7 15. Rae1 Rae8 16. Qg3 Kh8 17. Ng4 Nxg4 18. Qxg4 b4 19. axb4 Nxb4 20. f5 exf5 21. Qxf5 Re5 22. Qf2 f6 23. Qd4 Nxd3 24. cxd3 Rfe8 25. Rc1 Qd8 26. Qb4 Ba8 27. d4 a5 28. Qb3 R5e7 29. d5 Rb7 30. Qc2 Rb4 31. Rcd1 Bb7 32. Rf3 Qb6 33. b3 Bc8 34. Rg3 Bd7 35. Na4 Bxa4 36. bxa4 Rbxe4 37. Rf3 h6 38. h3 Qb4 39. Qc7 Qxa4 40. Rdf1 Qb4 41. Rxf6 gxf6 42. Rxf6 Qe1+ 43. Kh2 R4e7 44. Rxh6+ Kg7 45. Qxd6 Qe5+ 46. Qxe5+ Rxe5 0-1


[Site "https://www.chess.com"]

[Event "Titled Tuesday Blitz June 07 Late 2022"]
[White "Guseinov, Gadir"]
[Black "Florescu, Codrut-Constantin"]
[WhiteFideId "13401378"]
[BlackFideId "1202200"]
[WhiteElo "2581"]
[BlackElo "2191"]
[Result "1-0"]
[Round "04"]
[TimeControl "180+1"]
[Date "2022.06.07"]
[WhiteClock "0:02:21"]
[BlackClock "0:00:40"]

1. e4 c5 2. Nc3 e6 3. Nf3 a6 4. d4 cxd4 5. Nxd4 Qc7 6. g3 b5 7. Bg2 Bb7 8. O-O Nf6 9. Re1 Be7 10. a4 b4 11. Nd5 Nxd5 12. exd5 O-O 13. Bf4 Qc8 14. Nf5 exf5 15. Rxe7 a5 16. Qd3 Ra6 17. Qxf5 Rf6 18. Qd3 Na6 19. Rae1 Nc5 20. Qb5 d6 21. Re8 Qd7 22. Rxf8+ Kxf8 23. Bxd6+ Rxd6 24. Qxc5 g6 25. Qxa5 Kg7 26. Qxb4 Bxd5 27. Rd1 1-0


[Site "https://www.chess.com"]

[Event "Titled Tuesday Blitz June 07 Late 2022"]
[White "Hansen, Eric"]
[Black "Shapiro, David"]
[WhiteFideId "2606771"]
[BlackFideId "24133523"]
[WhiteElo "2568"]
[BlackElo "2300"]
[Result "1-0"]
[Round "04"]
[TimeControl "180+1"]
[Date "2022.06.07"]
[WhiteClock "0:01:45"]
[BlackClock "0:00:36"]

1. Nf3 Nf6 2. b3 g6 3. Bb2 Bg7 4. g4 d5 5. g5 Nh5 6. Bxg7 Nxg7 7. c4 d4 8. d3 c5 9. Nbd2 Nc6 10. a3 a5 11. Ne4 b6 12. h4 Bg4 13. Bg2 Nh5 14. Qd2 Qc7 15. Nh2 Bf5 16. Bf3 Rd8 17. Bxh5 gxh5 18. Ng3 Bg6 19. f4 e6 20. O-O O-O 21. Nf3 Rb8 22. Rac1 b5 23. cxb5 Rxb5 24. a4 Rxb3 25. Rxc5 Qb6 26. Rfc1 Ne7 27. Qxa5 Qb8 28. Qc7 Nd5 29. Qxb8 Rfxb8 30. f5 1-0


[Site "https://www.chess.com"]

[Event "Titled Tuesday Blitz June 07 Late 2022"]
[White "Holt, Conrad"]
[Black "Mamedov, Rauf"]
[WhiteFideId "2034387"]
[BlackFideId "13401653"]
[WhiteElo "2586"]
[BlackElo "2666"]
[Result "1/2-1/2"]
[Round "04"]
[TimeControl "180+1"]
[Date "2022.06.07"]
[WhiteClock "0:00:11"]
[BlackClock "0:00:23"]

1. d4 Nf6 2. c4 g6 3. Nc3 Bg7 4. e4 O-O 5. Nf3 d6 6. h3 e5 7. dxe5 dxe5 8. Qxd8 Rxd8 9. Bg5 c6 10. Nxe5 Re8 11. O-O-O Na6 12. Nf3 Nc5 13. e5 Nfd7 14. Be3 Ne6 15. Ne4 Nxe5 16. Nd6 Rd8 17. Be2 c5 18. Nxc8 Raxc8 19. Nxe5 Bxe5 20. Bf3 b6 21. Bd5 Nd4 22. Rhe1 Bf6 23. Bh6 b5 24. Re4 Nf5 25. Bd2 bxc4 26. Ba5 Rd7 27. Rxc4 Bd4 28. Bf3 Re7 29. g4 Nd6 30. Rc2 Rb8 31. b4 Nb5 32. bxc5 Be5 33. c6 Na3 34. Rd8+ Rxd8 35. Bxd8 Re8 36. c7 Bxc7 37. Rxc7 Rxd8 38. Rxa7 Rd3 39. Be2 Rxh3 40. Ra8+ Kg7 41. f3 Rh2 42. Kd1 Nb1 43. Rc8 Rh1+ 44. Kc2 Re1 45. Bd3 h5 46. Rb8 Na3+ 47. Kb2 h4 48. Kxa3 h3 49. Rb2 Re3 50. Rd2 h2 51. Rxh2 Rxd3+ 52. Kb4 Rxf3 53. a4 Rf4+ 54. Kb5 Rxg4 55. a5 Rg1 56. Ra2 Rb1+ 57. Kc6 Rc1+ 58. Kb7 Rb1+ 59. Kc7 Rc1+ 60. Kb7 Rb1+ 61. Kc7 Rc1+ 62. Kd7 Rd1+ 63. Kc7 Rc1+ 1/2-1/2


[Site "https://www.chess.com"]

[Event "Titled Tuesday Blitz June 07 Late 2022"]
[White "Ibarra Jerez, Jose Carlos"]
[Black "Larino Nieto, David"]
[WhiteFideId "2226332"]
[BlackFideId "2256444"]
[WhiteElo "2628"]
[BlackElo "2532"]
[Result "1-0"]
[Round "04"]
[TimeControl "180+1"]
[Date "2022.06.07"]
[WhiteClock "0:00:04"]
[BlackClock "0:00:01"]

1. e4 c6 2. Nf3 d5 3. d3 Nf6 4. e5 Nfd7 5. d4 e6 6. c4 Be7 7. Nc3 dxc4 8. Bxc4 Nb6 9. Bd3 c5 10. dxc5 Bxc5 11. O-O Nc6 12. Ne4 Be7 13. Bf4 Nd5 14. Bg3 O-O 15. a3 a5 16. Rc1 Qb6 17. Qe2 Bd7 18. h4 a4 19. Neg5 g6 20. Qe4 Kg7 21. h5 Qd8 22. Nxh7 Kxh7 23. hxg6+ Kg7 24. gxf7 Rh8 25. Qg6+ Kf8 26. Rc4 Bf6 27. Rg4 Nce7 28. Qe4 Bg7 29. Bh4 Qb6 30. Bxe7+ Nxe7 31. Nh4 Kxf7 32. Ng6 Rh6 33. Nxe7 Rah8 34. g3 Rh1+ 35. Kg2 R8h2+ 36. Kf3 Rxf1 37. Qg6+ Kxe7 38. Qg5+ Ke8 39. Bg6+ Kf8 40. Rf4+ Kg8 41. Bf7+ Kh8 42. Rh4+ 1-0


[Site "https://www.chess.com"]

[Event "Titled Tuesday Blitz June 07 Late 2022"]
[White "Ivanisevic, Ivan"]
[Black "Adewumi, Tanitoluwa"]
[WhiteFideId "912417"]
[BlackFideId "30966396"]
[WhiteElo "2535"]
[BlackElo "2530"]
[Result "1-0"]
[Round "04"]
[TimeControl "180+1"]
[Date "2022.06.07"]
[WhiteClock "0:01:48"]
[BlackClock "0:00:17"]

1. d4 Nf6 2. c4 e6 3. g3 d5 4. Bg2 Bb4+ 5. Bd2 Be7 6. Nc3 O-O 7. cxd5 exd5 8. e3 c6 9. Nge2 Bf5 10. O-O Nbd7 11. f3 c5 12. g4 Bg6 13. g5 Nh5 14. f4 Bd3 15. Nxd5 cxd4 16. Nxd4 Bxf1 17. Nf5 Bc5 18. Kxf1 g6 19. Nh6+ Kg7 20. Bc3+ f6 21. Bf3 Rc8 22. Bxh5 gxh5 23. Qxh5 Qe8 24. gxf6+ Nxf6 25. Nf5+ Kh8 26. Qxe8 Rcxe8 27. Nxf6 1-0


[Site "https://www.chess.com"]

[Event "Titled Tuesday Blitz June 07 Late 2022"]
[White "Jobava, Baadur"]
[Black "Janaszak, Dawid"]
[WhiteFideId "13601520"]
[BlackFideId "1119206"]
[WhiteElo "2617"]
[BlackElo "2199"]
[Result "1-0"]
[Round "04"]
[TimeControl "180+1"]
[Date "2022.06.07"]
[WhiteClock "0:02:00"]
[BlackClock "0:00:07"]

1. b3 e5 2. Bb2 Nc6 3. Nf3 e4 4. Nd4 Nf6 5. e3 Bc5 6. Nf5 Rg8 7. d4 exd3 8. Bxd3 d5 9. O-O Nb4 10. Qf3 Nxd3 11. cxd3 Bxf5 12. Qxf5 Qd7 13. Qf3 O-O-O 14. Bxf6 gxf6 15. d4 Bd6 16. Nc3 c6 17. Rab1 Rg6 18. b4 Rdg8 19. g3 b5 20. a4 a6 21. axb5 axb5 22. Rfc1 Bc7 23. Rc2 Kb7 24. Rbc1 Bb8 25. Ne2 f5 26. Nf4 Bxf4 27. Qxf4 Rc8 28. Ra2 Ra8 29. Rxa8 Kxa8 30. Qe5 Kb7 31. Qh8 Re6 32. Qxh7 Re8 33. h4 Kb6 34. Qh6 Re6 35. Qf8 Qd6 36. Qxd6 Rxd6 37. Kg2 Rd8 38. Kf3 Ra8 39. h5 Ra4 40. Rb1 Ra8 41. h6 1-0


[Site "https://www.chess.com"]